 Dungeon Crawl Stone Soup version 0.13-a0-2537-g1f6edf4 (webtiles) character file.

340 Kae the Ruinous (level 5, -3/28 HPs)
             Began as a Tengu Fire Elementalist on July 27, 2013.
             Slain by a hound (4 damage)
             ... on Level 3 of the Dungeon.
             The game lasted 00:06:06 (3688 turns).

Kae the Ruinous (Tengu Fire Elementalist)           Turns: 3688, Time: 00:06:06

HP  -3/28        AC  2     Str  8      XL: 5   Next: 82%
MP  12/12        EV 12     Int 17      God:
Gold 136         SH  0     Dex 14      Spells:  3 memorised,  3 levels left

Res.Fire  : . . .   See Invis. : .   e - -1,-2 dagger (curse)
Res.Cold  : . . .   Warding    : .   t - +0 robe (curse)
Life Prot.: . . .   Conserve   : .   (no shield)
Res.Poison: .       Res.Corr.  : .   (helmet restricted)
Res.Elec. : .       Clarity    : .   (no cloak)
Sust.Abil.: . .     Spirit.Shd : .   (no gloves)
Res.Mut.  : .       Stasis     : .   (boots unavailable)
Res.Rott. : .       Flight     : .   (no amulet)
Saprovore : . . .                    (no ring)
                                     (no ring)

@: hasted, very quick, slightly resistant to hostile enchantments, fairly
stealthy
A: able to fly, beak, talons 3
a: Fly


You were on level 3 of the Dungeon.
You were starving.

You visited 1 branch of the dungeon, and saw 3 of its levels.

You collected 116 gold pieces.

Inventory:

Hand weapons
 e - a cursed -1,-2 dagger (weapon)
 n - a -1,+1 orcish short sword
Armour
 a - a +0 robe
 t - a cursed +0 robe (worn)
Comestibles
 c - a bread ration
 j - a pear
 l - a choko
Scrolls
 d - 2 scrolls of curse jewellery {unknown}
 f - 2 scrolls of recharging {unknown}
 h - a scroll of fog {unknown}
 i - 2 scrolls of remove curse {unknown}
 m - a scroll of noise {unknown}
 o - 5 scrolls of teleportation {unknown}
 r - a scroll of enchant weapon II {unknown}
 s - 2 scrolls of identify {unknown}
 v - a scroll of random uselessness {unknown}
Jewellery
 k - an uncursed amulet of conservation {unknown}
Potions
 g - a potion of agility {unknown}
 q - 5 potions of curing {unknown}
 u - a potion of heal wounds {unknown}
Books
 b - a book of Flames

   Spells                             Type                      Level
   *Flame Tongue                      Conjuration/Fire             1
   *Throw Flame                       Conjuration/Fire             2
   *Conjure Flame                     Conjuration/Fire             3
   Inner Flame                        Hexes/Fire                   3
   Sticky Flame                       Conjuration/Fire             4
   Fireball                           Conjuration/Fire             5


   Skills:
 - Level 2.1 Dodging
 - Level 2.0 Stealth
 + Level 2.5 Spellcasting
 * Level 5.3 Conjurations
 + Level 4.2 Fire Magic


You had 3 spell levels left.
You knew the following spells:

 Your Spells              Type           Power        Failure   Level  Hunger
a - Flame Tongue          Conj/Fire      ###..        2%          1    #......
b - Throw Flame           Conj/Fire      ###...       4%          2    ##.....
c - Conjure Flame         Conj/Fire      ###.....     10%         3    ###....


Dungeon Overview and Level Annotations

Branches:
Dungeon (3/27)

Altars:
Makhleb


Innate Abilities, Weirdness & Mutations

You can fly.
You have a beak for a mouth.
You have claws for feet.


Message History

The hound is lightly wounded.
The hound barely misses you.
You barely miss the hound.
The hound is lightly wounded.
The hound bites you.
You closely miss the hound.
The hound is lightly wounded.
The hound bites you.
* * * LOW HITPOINT WARNING * * *
You completely miss the hound. You claw the hound.
The hound is lightly wounded.
The hound bites you.
* * * LOW HITPOINT WARNING * * *
The hound bites you but does no damage.
Casting: Flame Tongue
Confirm with . or Enter, or press ? or * to list all spells.
You don't have the energy to cast that spell.
Drink which item? (? for menu, Esc to quit)
You feel yourself speed up. The hound bites you.
You die...

##################
..................
....##########... ##..#
#..# #..# #..# #..#
#..#########
##..##########..@h.......
.........................
##......................
#..#########...########
..... .....# .....
........ ....%. .########
###### .. ..


You could see a hound.

Vanquished Creatures
  Ijyb (D:3)
  3 gnolls (D:3)
  7 adders
  A giant mite (D:3)
  2 worms (D:2)
  5 orcs (D:3)
  7 bats
  11 goblins
  10 hobgoblins
  A ball python (D:2)
  5 giant cockroaches (D:2)
  A giant gecko (D:2)
  4 giant newts (D:1)
  9 kobolds
  3 quokkas
  6 rats (D:1)
76 creatures vanquished.

Notes
Turn   | Place    | Note
--------------------------------------------------------------
     0 | D:1      | Kae, the Tengu Fire Elementalist, began the quest for the Orb.
     0 | D:1      | Reached XP level 1. HP: 10/10 MP: 3/3
   524 | D:1      | Reached XP level 2. HP: 15/15 MP: 5/5
  1292 | D:1      | Reached XP level 3. HP: 13/19 MP: 7/7
  2064 | D:2      | Reached XP level 4. HP: 24/24 MP: 7/9
  2075 | D:2      | Learned a level 2 spell: Throw Flame
  2079 | D:2      | Learned a level 3 spell: Conjure Flame
  2397 | D:2      | Reached skill level 4 in Conjurations
  2626 | D:2      | Found a burning altar of Makhleb.
  2832 | D:3      | Reached XP level 5. HP: 26/28 MP: 6/11
  2875 | D:3      | Noticed Ijyb
  2886 | D:3      | Killed Ijyb
  3264 | D:3      | Reached skill level 5 in Conjurations
  3687 | D:3      | HP: 1/28 [hound (4)]
  3688 | D:3      | Slain by a hound

Action                   |  1- 3 |  4- 6 || total
-------------------------+-------+-------++-------
Melee: Unarmed           |     8 |       ||     8
       Dagger            |    40 |    22 ||    62
 Cast: Flame Tongue      |    57 |    92 ||   149
  Use: Potion            |       |     1 ||     1
 Stab: Sleeping          |     3 |     1 ||     4
